 Dungeon Sprint DCSS version bcrawl-1.21.2-1-g32d02e0829 (webtiles) character file.

Game seed: 14441378266391493633

109 MordorOrchid the Ducker (level 4, -1/37 HPs)
             Began as an Oni Venom Mage on Feb 19, 2020.
             Was an Initiate of Sif Muna.
             Slain by a centaur warrior (7 damage)
             ... in the Dungeon (Sprint IX: "|||||||||||||||||||||||||||||").
             The game lasted 00:05:56 (326 turns).

MordorOrchid the Ducker (Oni Venom Mage)             Turns: 326, Time: 00:05:56

Health: -1/37      AC:  4    Str: 14    XL:     4   Next: 89%
Magic:  8/12       EV: 17    Int: 18    God:    Sif Muna [......]
Gold:   0          SH:  0    Dex: 11    Spells: 1/11 levels left

rFire    . . .     SeeInvis .   a - +10 morningstar "Eos" {elec, Halo rElec}
rCold    . . .     Gourm    .   (no shield)
rNeg     . . .     Faith    .   p - +0 animal skin
rPois    .         Spirit   .   (helmet restricted)
rElec    +         Reflect  .   (no cloak)
rCorr    .         Harm     .   t - +0 pair of gloves
MR       .....     NoTele   +   u - +0 pair of boots
Stlth    +.........             (no amulet)
HPRegen  0.12/turn              w - +3 ring of strength
MPRegen  0.13/turn              x - +2 ring of evasion

@: very slightly contaminated, glowing, invisible (but backlit and visible)
A: oni magic, claws 1, fangs 1, horns 1
a: Divine Energy, Renounce Religion


You were in the Dungeon.
You worshipped Sif Muna.
Sif Muna was noncommittal.
You were not hungry.

You visited 1 branch

Inventory:

Hand Weapons
 a - the +10 morningstar "Eos" (weapon) {elec, Halo rElec}
   (You found it in the Dungeon)

   Occasionally, upon striking a foe, it will discharge some electrical energy
   and cause terrible harm.
   It insulates you from electricity.
 b - a +0 club
 q - a +2 rapier of distortion
 r - a +2 scimitar of flaming
 s - a +3 war axe of freezing
Armour
 p - a +0 animal skin (worn)
 t - a +0 pair of gloves (worn)
 u - a +0 pair of boots (worn)
 v - a +2 ring mail
Magical Staves
 o - an uncursed staff of energy
Jewellery
 w - a +3 ring of strength (left hand)
 x - a +2 ring of evasion (right hand)
Wands
 n - a wand of acid (10)
Scrolls
 j - 2 scrolls of blinking
 l - 3 scrolls of remove curse
 m - 2 scrolls of amnesia
Potions
 c - a potion of berserk rage
 d - a potion of degeneration
 f - 5 potions of curing
 g - a potion of heal wounds
 i - 3 potions of magic
Comestibles
 e - a ration {!d}
 h - a chunk of flesh


   Skills:
 - Level 2.5 Fighting
 * Level 6.1 Dodging
 - Level 1.7 Stealth
 + Level 4.3 Spellcasting
   Level 4.3 Conjurations
   Level 4.3 Hexes
   Level 4.3 Charms
   Level 4.3 Summonings
   Level 4.3 Necromancy
   Level 4.3 Translocations
   Level 4.3 Transmutations
   Level 4.3 Fire Magic
   Level 4.3 Ice Magic
   Level 4.3 Air Magic
   Level 4.3 Earth Magic
   Level 4.3 Poison Magic


You had one spell level left.
You knew the following spells:

 Your Spells              Type           Power        Failure   Level  Hunger
a - Sting                 Conj/Pois      ###.         2%          1    None
b - Olgreb's Toxic Radia  Pois           ###.....     19%         4    ####...
d - Ignite Poison         Fire/Tmut/Pois ###.....     9%          3    ###....
p - Poisonous Vapours     Pois/Air       ###...       3%          2    ##.....

Your spell library contained the following spells:

 Spells                   Type           Power        Failure   Level  Hunger
 Flame Tongue             Conj/Fire      ###..        2%          1    None
 Shackle                  Hex            ###.....     2%          2    ##.....
 Summon Scorpions         Summ/Pois      ###.....     24%         4    ####...
 Venom Bolt               Conj/Pois      ###.......   56%         5    ######.


Dungeon Overview and Level Annotations

Branches:
Dungeon (1/1)

Altars:
Cheibriados
Dithmenos
Elyvilon
Fedhas
Gozag
Hepliaklqana
Kikubaaqudgha
Lugonu
Makhleb
Nemelex Xobeh
Okawaru
Qazlal
Ru
Sif Muna
Trog
Uskayaw
Vehumet
Wu Jian
Xom
Yredelemnul
Zin
The Shining One
Beogh
Jiyva


Innate Abilities, Weirdness & Mutations

You learn spells by gaining experience, not through books or religion.
You only train spellcasting to practice magic.
You have sharp fingernails.
You have very sharp teeth.
You have a pair of small horns on your head.


Message History

The centaur warrior hits you! x2
* * * LOW HITPOINT WARNING * * *
You feel much better. The centaur warrior misses you.
Wield which item (- for none, * to show all)? (? for menu, Esc to quit)
Your +2 scimitar of flaming stops flaming.
You hear the crackle of electricity.
a - the +10 morningstar "Eos" (weapon)
{elec, Halo rElec} The hornet buzzes angrily.
The troll shouts!
The centaur warrior hits you!
* * * LOW HITPOINT WARNING * * *
You puncture the centaur warrior!
Lightning courses through the centaur warrior!
The centaur warrior is heavily wounded.
The centaur warrior closely misses you. The centaur warrior hits you.
* * * LOW HITPOINT WARNING * * *
Unknown command.
You hit the centaur warrior.
The centaur warrior is heavily wounded.
The centaur warrior looks more healthy.
The centaur warrior hits you!
You die...

▓+▓
▓Z▓
▓y▓
▓T▓
▓c▓
▓@▓
▓.▓
▓'▓
▓.▓
▓.▓
▓.▓
▓.▓
▓.▓
▓)▓


You could see a centaur warrior, a troll, a hornet and a quokka skeleton.

Vanquished Creatures
  A hound (D)
  2 worker ants (D)
  A gnoll (D)
  2 shadow imps (D)
  A leopard gecko (D)
  A bat (D)
  A frilled lizard (D)
  2 kobolds (D)
  A rat (D)
12 creatures vanquished.

Vanquished Creatures (others)
  A spatial maelstrom (D)
1 creature vanquished.

Grand Total: 13 creatures vanquished

Notes
Turn   | Place    | Note
-------+----------+-------------------------------------------
     0 | D        | MordorOrchid the Oni Venom Mage began the quest for the
                  | Orb.
     0 | D        | Reached XP level 1. HP: 14/14 MP: 4/4
     7 | D        | Banished a spatial maelstrom
     8 | D        | Reached skill level 2 in Dodging
    14 | D        | Reached skill level 1 in Fighting
   123 | D        | Noticed a worker ant
   123 | D        | Noticed a hound
   130 | D        | Killed a hound
   130 | D        | Reached skill level 4 in Dodging
   130 | D        | Reached XP level 2. HP: 20/25 MP: 0/7
   130 | D        | Reached XP level 3. HP: 24/30 MP: 0/9
   139 | D        | Learned a level 2 spell: Poisonous Vapours
   143 | D        | Learned a level 3 spell: Ignite Poison
   155 | D        | Reached skill level 5 in Dodging
   155 | D        | Reached XP level 4. HP: 37/37 MP: 3/11
   174 | D        | Found a roughly hewn altar of Beogh.
   174 | D        | Found a snail-covered altar of Cheibriados.
   174 | D        | Found a shadowy altar of Dithmenos.
   174 | D        | Found a white marble altar of Elyvilon.
   174 | D        | Found a blossoming altar of Fedhas.
   174 | D        | Found an opulent altar of Gozag.
   175 | D        | Found a hazy altar of Hepliaklqana.
   176 | D        | Found a viscous altar of Jiyva.
   177 | D        | Found an ancient bone altar of Kikubaaqudgha.
   178 | D        | Found a corrupted altar of Lugonu.
   179 | D        | Found a burning altar of Makhleb.
   180 | D        | Found a sparkling altar of Nemelex Xobeh.
   181 | D        | Found an iron altar of Okawaru.
   182 | D        | Found a stormy altar of Qazlal.
   183 | D        | Found a sacrificial altar of Ru.
   184 | D        | Found a shimmering blue altar of Sif Muna.
   185 | D        | Found a bloodstained altar of Trog.
   186 | D        | Found a hide-covered altar of Uskayaw.
   187 | D        | Found a radiant altar of Vehumet.
   188 | D        | Found an ornate altar of the Wu Jian Council.
   189 | D        | Found a shimmering altar of Xom.
   190 | D        | Found a basalt altar of Yredelemnul.
   191 | D        | Found a glowing silver altar of Zin.
   192 | D        | Became a worshipper of Sif Muna the Loreminder
   193 | D        | Found a glowing golden altar of the Shining One.
   211 | D        | Found the +10 morningstar "Eos" {elec, Halo rElec}
   240 | D        | Learned a level 4 spell: Olgreb's Toxic Radiance
   315 | D        | Noticed a hornet
   315 | D        | Noticed a troll
   315 | D        | Noticed a centaur warrior
   319 | D        | Reached skill level 6 in Dodging
   326 | D        | Slain by a centaur warrior

Skill      XL: |  1  2  3  4 |
---------------+-------------+-----
Dodging        | 4 5 6 |  6.1
Fighting       | 2 |  2.5
Spellcasting   | 2 3 4 |  4.3
Stealth        | |  1.7
Conjurations   | |  4.3
Hexes          | |  4.3
Charms         | |  4.3
Summonings     | |  4.3
Necromancy     | |  4.3
Translocations | |  4.3
Transmutations | |  4.3
Fire Magic     | |  4.3
Ice Magic      | |  4.3
Air Magic      | |  4.3
Earth Magic    | |  4.3
Poison Magic   | |  4.3

Action                   |  1- 3 |  4- 6 || total
-------------------------+-------+-------++-------
Melee: Unarmed           |     9 |     4 ||    13
       Bite              |     1 |     1 ||     2
       Headbutt          |     1 |       ||     1
       Morningstar       |       |     2 ||     2
       Scimitar          |       |     2 ||     2
 Cast: Sting             |    11 |       ||    11
       Poisonous Vapours |     2 |       ||     2
       Olgreb's Toxic Ra |       |     1 ||     1
  Use: Potion            |     3 |     3 ||     6
Armor: Animal skin       |     4 |       ||     4
Dodge: Dodged            |     8 |     7 ||    15
